 Dungeon Crawl Stone Soup version 0.28-a0-461-g2dc4ca5097 (webtiles) character file.

Game seed: 7009492007581531924

305 heikuro the Covered (level 6, -7/49 HPs)
             Began as a Formicid Fighter on Sept 13, 2021.
             Was an Initiate of Okawaru.
             Killed from afar by Ijyb (26 damage)
             ... with a bolt of acid
             ... on level 4 of the Dungeon.
             The game lasted 00:04:01 (4125 turns).

heikuro the Covered (Formicid Fighter)              Turns: 4125, Time: 00:04:02

Health: -7/49      AC:  5    Str: 23    XL:     6   Next: 66%
Magic:  7/7        EV: 11    Int:  7    God:    Okawaru [......]
Gold:   200        SH:  4    Dex: 10    Spells: 5/5 levels left

rFire   . . .      SeeInvis +   a - +0 trident
rCold   . . .      Faith    .   c - +0 buckler
rNeg    . . .      Spirit   .   i - +2 leather armour {Will+}
rPois   .          Reflect  .   (helmet unavailable)
rElec   .          Harm     .   (no cloak)
rCorr   .          Rampage  .   (no gloves)
Will    +....                   (no boots)
Stlth   +.........              (no amulet)
HPRegen 0.16/turn               (no ring)
MPRegen 0.10/turn               (no ring)

@: no status effects
A: permanent stasis, dig shafts and tunnels, antennae 3, four strong arms
a: Dig, Shaft Self, Renounce Religion


You were on level 4 of the Dungeon.
You worshipped Okawaru.
Okawaru was noncommittal.
You visited 1 branch of the dungeon, and saw 4 of its levels.

You collected 200 gold pieces.

Inventory:

Hand Weapons
 a - a +0 trident (weapon)
 g - a +0 long sword
Missiles
 h - 33 poisoned darts (quivered)
Armour
 b - a +0 scale mail
 c - a +0 buckler (worn)
 i - a +2 leather armour of willpower (worn)
 s - a +0 plate armour
Jewellery
 m - an amulet of guardian spirit
Wands
 q - a wand of acid (7)
Scrolls
 f - a scroll of blinking {unknown}
 k - a scroll of teleportation {unknown}
 l - a scroll of silence {unknown}
 o - a scroll of identify
Potions
 d - a potion of might
 e - 2 potions of ambrosia
 j - a potion of curing
 n - a potion of attraction {unknown}
 p - a potion of haste {unknown}
 r - a potion of resistance {unknown}


   Skills:
 + Level 4.5 Fighting
 * Level 4.5 Polearms
 + Level 4.6 Armour
 - Level 3.6 Shields
 + Level 2.3 Invocations


You had 5 spell levels left.
You didn't know any spells.
Your spell library was empty.

Dungeon Overview and Level Annotations

Branches:
Dungeon (4/15)
 Temple: D:4-7

Altars:
Okawaru

Shops:
D:4 !

Annotations:
D:3 1 runed translucent door, tonyyikes's ghost, amateur FoHu
D:4 Ijyb


Innate Abilities, Weirdness & Mutations

You cannot be hasted, slowed, berserked, paralysed or teleported.
You can dig through walls and to a lower floor.
You have a pair of large antennae on your head. (SInv)
Your four strong arms can wield two-handed weapons with a shield.


Message History

No target in view!
No target in view!
Ijyb the Twisted Goblin comes into view.
She is wielding a +0 dagger and carrying a wand of acid (12).
Ijyb shouts!
Ijyb zaps a wand.
The bolt of acid hits you!!
Ouch! That really hurt!
Aiming: Corrosive Bolt
Press: ? - help, Shift-Dir - straight line, f - Ijyb
Aim: Ijyb, wielding a +0 dagger, wearing a +0 chain mail and carrying a wand of acid (11) (71% to hit)
The bolt of acid misses Ijyb.
Unknown command.
Aiming: Corrosive Bolt
Press: ? - help, Shift-Dir - straight line, f/p - Ijyb
Aim: Ijyb, wielding a +0 dagger, wearing a +0 chain mail and carrying a wand of acid (11) (71% to hit)
The bolt of acid hits Ijyb!
Ijyb is heavily wounded.
Unknown command.
You hit Ijyb but do no damage.
Ijyb is heavily wounded.
Ijyb hits you with a +0 dagger.
You hit Ijyb.
Ijyb is severely wounded.
Ijyb zaps a wand.
The bolt of acid misses you.
You closely miss Ijyb.
Ijyb is severely wounded.
You block Ijyb's attack.
You hit Ijyb but do no damage.
Ijyb is severely wounded.
Ijyb hits you with a +0 dagger.
You hit Ijyb but do no damage.
Ijyb is severely wounded.
Ijyb misses you.
You closely miss Ijyb.
Ijyb is severely wounded.
Ijyb closely misses you.
You hit Ijyb.
Ijyb is severely wounded.
Ijyb zaps a wand.
The bolt of acid hits you!!
Ouch! That really hurt!
You die...

#.#.#.# #.# #.#.#.# #.#
#...... ... #...#.# #.#
#...#.# #.#
#...#.####.# {
#......∩...# .
##..#.###..#######
#.#####.........@g....#
#..<.......###..#######
......#....# #..#
##..#.#....# #..#
#....#....# #..#
#....#....# #..#
#.............##
........(..####
..####.....#


You could see Ijyb.

Vanquished Creatures
  An ogre (D:3)
  A phantom (D:3)
  Natasha (D:4)
  3 adders
  2 worms (D:2)
  3 dart slugs (D:1)
  7 orcs
  4 ball pythons (D:1)
  8 endoplasms
  2 giant cockroaches
  5 goblins
  9 hobgoblins
  5 jackals
  2 quokkas
  4 bats
  A frilled lizard (D:2)
  A kobold (D:3)
  6 rats
65 creatures vanquished.

Notes
Turn   | Place    | Note
-------+----------+-------------------------------------------
     0 | D:1      | heikuro the Formicid Fighter began the quest for the Orb.
     0 | D:1      | Reached XP level 1. HP: 18/18 MP: 1/1
    20 | D:1      | Found a faded altar of an unknown god.
   307 | D:1      | Reached XP level 2. HP: 24/24 MP: 2/2
   568 | D:1      | Reached XP level 3. HP: 29/29 MP: 3/3
  1380 | D:2      | Reached XP level 4. HP: 36/37 MP: 4/4
  1966 | D:3      | Found an iron altar of Okawaru.
  1974 | D:3      | Became a worshipper of Warmaster Okawaru
  2332 | D:3      | Found a runed translucent door.
  2332 | D:3      | Noticed tonyyikes's ghost (amateur FoHu)
  2345 | D:3      | Noticed a phantom
  2452 | D:3      | Reached XP level 5. HP: 38/42 MP: 5/5
  2526 | D:3      | Noticed an ogre
  2540 | D:3      | Killed an ogre
  2541 | D:3      | Reached skill level 1 in Invocations
  2541 | D:3      | Reached XP level 6. HP: 19/48 MP: 5/7
  3350 | D:3      | Found a runed translucent door.
  3632 | D:3      | Found an iron altar of Okawaru.
  4087 | D:4      | Found Aheokhoick's Distillery.
  4096 | D:4      | Noticed Natasha
  4102 | D:4      | Killed Natasha
  4115 | D:4      | Noticed Ijyb
  4125 | D:4      | Killed from afar by Ijyb

Illustrated notes

Levels and vault maps discovered:
D:1:      ncdulo_wetmaze, layout_basic, shapermc_ecumenical_altar_venn,
          minmay_misc_feat_rows, amethyst_killhole, minivault_24
D:2:      kb_forest_paths, layout_basic, minmay_goblin_kobold_house
D:3:      layout_loops_ring, lemuel_crystal_altar, ebering_ghost_inner_flame,
          grunt_ministairs_2
D:4:      layout_basic, nicolae_uskayaw_murder_on_the_dancefloor,
          nicolae_ashenzari_skybound, gammafunk_ghost_stat_death, serial_shops,
          shop, shop, shop, nicolae_shop_waterfront, serial_bayou_pond_c,
          minivault_4, uniq_sigmund, uniq_duvessa, uniq_natasha, uniq_ijyb

Skill      XL: |  1  2  3  4  5  6 |
---------------+-------------------+-----
Polearms       | 3 4 |  4.5
Armour         | 4 |  4.6
Fighting       | 4 |  4.5
Invocations    | 1 2 |  2.3
Shields        | |  3.6

Action                   |  1- 3 |  4- 6 || total
-------------------------+-------+-------++-------
Melee: Trident           |    87 |   146 ||   233
Evoke: Wand              |       |     2 ||     2
  Use: Scroll            |       |     2 ||     2
 Stab: Sleeping          |     1 |     1 ||     2
Armor: Scale mail        |    17 |       ||    17
       Leather armour    |    12 |    24 ||    36
Dodge: Dodged            |    35 |    65 ||   100
Block: Buckler           |    15 |    15 ||    30

Table legend: (Time is in decaauts)
 A = Elapsed time spent in this place.
 B = Non-inter-level travel time spent in this place.
 C = Inter-level travel time spent in this place.
 D = Time resting spent in this place.
 E = Time spent auto-exploring this place.
 F = Levels seen in this place.
 G = Mean time per level.
                   A        B        C        D        E       F      G
               +--------+--------+--------+--------+--------+-----+--------+
         Total |   4168 |   3987 |    181 |    411 |   2872 |   4 | 1042.0 |
       Dungeon |   4168 |   3987 |    181 |    411 |   2872 |   4 | 1042.0 |
               +--------+--------+--------+--------+--------+-----+--------+

Top non-repeatable levels by time:
     D:3: 1946 daAuts
     D:2: 1331 daAuts
     D:1: 846 daAuts
     D:4: 44 daAuts
